Map: Светотень РВ

Players

ИИ 1 (новичок) - Winner!

  • Race: Terran Terran
  • Spawn Location: 11:00

talismanTV

  • Race: Terran Terran
  • League: Master
  • Spawn Location: 5:00

VOD

Have the link to the VOD?

Description

Time

  • Played on: March 9, 2021, 12:06 p.m.
  • Length: 3:57
Show
View Real Time Build Order
Export as new Build Order

ИИ 1 (новичок) Terran - Winner!

Build Orders:  

Get SALT Encoding   

  12  0:00  SCV  
  13  0:13  SCV  
  14  0:18  Supply Depot  
  14  0:37  Refinery  
  14  0:42  Barracks  
  14  1:03  Supply Depot  
  14  1:11  Refinery  
  14  1:29  SCV, Marine  
  16  1:41  SCV  
  17  1:53  SCV  
  18  2:01  Marine  
  18  2:05  SCV  
  20  2:17  SCV  
  21  2:29  SCV  
  22  2:34  Marine  
  23  2:42  Orbital Command  
Show
View Real Time Build Order
Export as new Build Order

talismanTV Terran 

Build Orders: 1/1/1 

Get SALT Encoding   

  12  0:00  SCV  
  13  0:12  SCV  
  14  0:17  Supply Depot  
  14  0:25  SCV  
  14  0:27  Refinery  
  15  0:38  SCV  
  16  0:45  Barracks  
  16  0:50  SCV  
  16  0:55  Refinery  
  17  1:02  SCV  
  18  1:15  SCV  
  19  1:32  Orbital Command  
  19  1:34  Factory, Reaper  
  20  1:45  Supply Depot  
  20  1:58  SCV  
  21  2:06  Reaper  
  22  2:11  SCV  
  23  2:18  Starport  
  23  2:19  Hellion  
  25  2:23  SCV  
  25  2:27  Supply Depot  
  26  2:37  SCV  
  26  2:40  Barracks Tech Lab  
  26  2:41  Factory Tech Lab  
  27  2:50  SCV  
  28  3:02  SCV  
  28  3:03  Banshee  
  32  3:10  Cyclone  
  35  3:28  Command Center  
  35  3:30  SCV  
  35  3:33  Barracks Reactor  
  36  3:42  SCV  
  37  3:53  Supply Depot  
Tags
 
League
Master
Matchup
ТvТ
Opening
1/1/1
Spawn Locations
Cross Positions
Add a new tag
Caveats
  • Supply blocks, unpowered buildings, or Contaminate may cause inaccurate times.
  • Supply counts are checked every 10 seconds.